 Dungeon Crawl Stone Soup version 0.23.2-33-g5129a83184 (webtiles) character file.

Game seed: 1801261377304262585

130 MalarOregon the Digger (level 5, -4/41 (42) HPs)
             Began as a Ghoul Earth Elementalist on July 12, 2019.
             Slain by an ogre
             ... wielding a +0 giant club
              (26 damage)
             ... on level 3 of the Dungeon.
             The game lasted 00:07:40 (3925 turns).

MalarOregon the Digger (Ghoul Earth Elementalist)   Turns: 3925, Time: 00:07:41

HP:   -4/41 (42)    AC:  4    Str: 12    XL:     5   Next: 13%
MP:   4/8           EV: 11    Int: 11    God:
Gold: 113           SH:  0    Dex:  9    Spells: 1/9 levels left

rFire    . . .     SeeInvis .   j - +3 dagger
rCold    + . .     Gourm    .   (no shield)
rNeg     + + +     Faith    .   c - +0 robe
rPois    ∞         Spirit   .   f - +0 helmet
rElec    .         Reflect  .   (no cloak)
rCorr    .         Harm     .   r - +0 pair of gloves
MR       .....                  (no boots)
Stlth    +.........             (no amulet)
HPRegen  0.00/turn              (no ring)
MPRegen  0.11/turn              (no ring)

@: very slightly contaminated, rotting, heavily drained
A: rotting body, claws 1, carnivore, cold resistance 1, negative energy
resistance 3, inhibited regeneration, torment resistance, unbreathing
a: no special abilities


You were on level 3 of the Dungeon.
You were not hungry.

You visited 1 branch of the dungeon, and saw 4 of its levels.

You collected 113 gold pieces.

Inventory:

Hand Weapons
 j - a +3 dagger (weapon)
   (You took it off a goblin on level 2 of the Dungeon)
Missiles
 b - 7 stones (quivered)
 i - 6 javelins of returning
Armour
 c - a +0 robe (worn)
 f - a +0 helmet (worn)
   (You took it off Robin on level 2 of the Dungeon)
 r - a +0 pair of gloves (worn)
   (You found it on level 4 of the Dungeon)
Jewellery
 a - an uncursed ring of ice {unknown}
   (You found it on level 3 of the Dungeon)
Scrolls
 h - a scroll of noise {unknown}
 m - a scroll of remove curse {unknown}
 n - 2 scrolls of random uselessness {unknown}
 o - 3 scrolls of identify {unknown}
 p - a scroll of teleportation {unknown}
 q - a scroll of enchant weapon {unknown}
 s - a scroll of enchant armour {unknown}
Potions
 d - a potion of haste {unknown}
 g - 2 potions of curing {unknown}
 k - 2 potions of heal wounds {unknown}
 l - 2 potions of lignification {unknown}
Comestibles
 e - 4 rations {!d}


   Skills:
 + Level 2.6(1.3) Fighting
 - Level 1.7(0.4) Dodging
 - Level 2.1(0.8) Stealth
 + Level 2.7(1.4) Spellcasting
 + Level 1.3(0.1) Conjurations
 - Level 0.8(0.0) Transmutations
 - Level 4.0(2.6) Earth Magic


You had one spell level left.
You knew the following spells:

 Your Spells              Type           Power        Failure   Level  Hunger
a - Sandblast             Erth           #.....       11%         1    ##.....
b - Petrify               Tmut/Erth      #.......     87%         4    #####..
x - Stone Arrow           Conj/Erth      #.....       45%         3    ####...

Your spell library contained the following spells:

 Spells                   Type           Power        Failure   Level  Hunger
 Passwall                 Tmut/Erth      #.......     26%         2    ###....
 Lee's Rapid Deconstruct  Erth           #.........   96%         5    ######.


Dungeon Overview and Level Annotations

Branches:
Dungeon (4/15)
 Temple: D:4-7

Altars:
Cheibriados
Dithmenos

Annotations:
D:2 1 runed translucent door, Crazy Yiuf


Innate Abilities, Weirdness & Mutations

Your body is rotting away.
You thrive on raw meat.
You are immune to poison.
You have sharp fingernails.
You are carnivorous and can eat meat at any time.
Your flesh is cold resistant. (rC+)
You are immune to negative energy. (rN+++)
You do not regenerate when monsters are visible.
You are immune to unholy pain and torment.
You can survive without breathing.


Message History

You start putting on your armour.
You continue putting on your pair of gloves. x4
You finish putting on your +0 pair of gloves.
Found 10 gold pieces and a ration.
You now have 113 gold pieces (gained 10).
e - 4 rations {!d} (gained 1)
Found an escape hatch in the ceiling.
Found 8 gold pieces.
Found a stone staircase leading down.
Found a stone staircase leading down.
There is an escape hatch in the ceiling here.
Really go through this one-way escape hatch?
A mysterious force pulls you upwards. The hatch slams shut behind you.
There is a stone staircase leading down here.
You climb downwards.
An ogre comes into view. It is wielding a +0 giant club.
The ogre shouts!
Found four items.
There is a stone staircase leading up here.
You can't see any susceptible monsters within range! (Use Z to cast anyway.)
You can't see any susceptible monsters within range! (Use Z to cast anyway.)
You can't see any susceptible monsters within range! (Use Z to cast anyway.)
Aim: an ogre, wielding a +0 giant club The blast of sand hits the ogre!
b - 11 stones
Aim: an ogre, wielding a +0 giant club (moderately wounded)
You miscast Sandblast.
You are very lightly contaminated with residual magic.
Nothing appears to happen.
The ogre barely misses you.
You climb upwards.
There is a stone staircase leading down here.
Aim: an ogre, wielding a +0 giant club (moderately wounded)
The blast of sand hits the ogre.
b - 10 stones The ogre hits you with a +0 giant club!!
Aim: an ogre, wielding a +0 giant club (heavily wounded)
The blast of sand hits the ogre.
b - 9 stones
There is a stone staircase leading down here.
Aim: an ogre, wielding a +0 giant club (severely wounded)
The blast of sand hits the ogre!
b - 8 stones The ogre barely misses you.
Aim: an ogre, wielding a +0 giant club (almost dead)
The blast of sand hits the ogre.
b - 7 stones The ogre hits you with a +0 giant club!!
Ouch! That really hurt!
You die...

################## #####
#................# #...#
#.##############.# ###<#
#.#....####....#.#####.#
#.##.#.##...##.#.......#
#.##.#.##.#....#########
#.##.#.##.#.####...#.#
#)##.#.#........O#.#.#
#.##.#.#..#.###.@#>#.#
#.##.#.#..#......#.#.#
.....#.#.....###.....#
..####.##.#.## ###.###
....##....#.# #.#
..#.#######.######.#
.##................#
.##...........###..#
.##...........###..#


You could see an ogre.

Vanquished Creatures
  Jessica (D:2)
  Robin (D:2)
  2 adders (D:3)
  An ooze (D:3)
  A worm (D:3)
  2 dart slugs (D:1)
  2 leopard geckos
  2 orcs (D:3)
  5 giant cockroaches
  13 goblins
  9 hobgoblins
  2 kobolds (D:1)
  5 bats
  4 frilled lizards
  10 rats
60 creatures vanquished.

Notes
Turn   | Place    | Note
-------+----------+-------------------------------------------
     0 | D:1      | MalarOregon the Ghoul Earth Elementalist began the quest
                  | for the Orb.
     0 | D:1      | Reached XP level 1. HP: 14/14 MP: 2/2
   250 | D:1      | Reached XP level 2. HP: 3/22 MP: 0/4
   383 | D:1      | Reached skill level 1 in Fighting
  1144 | D:1      | Reached XP level 3. HP: 25/28 MP: 5/5
  1158 | D:1      | Learned a level 3 spell: Stone Arrow
  1623 | D:2      | Noticed Robin
  1637 | D:2      | Killed Robin
  1925 | D:2      | Noticed Jessica
  1937 | D:2      | Killed Jessica
  1937 | D:2      | Reached skill level 4 in Earth Magic
  1937 | D:2      | Reached XP level 4. HP: 36/36 MP: 3/6
  2037 | D:2      | Found a snail-covered altar of Cheibriados.
  2042 | D:2      | Reached skill level 1 in Conjurations
  2471 | D:2      | Found a runed translucent door.
  2472 | D:2      | Noticed Crazy Yiuf
  3346 | D:3      | Reached XP level 5. HP: 42/42 MP: 4/8
  3387 | D:3      | Learned a level 4 spell: Petrify
  3849 | D:4      | Found a shadowy altar of Dithmenos.
  3902 | D:4      | Noticed an ogre
  3925 | D:3      | Slain by an ogre

Skill      XL: |  1  2  3  4 |
---------------+-------------+-----
Spellcasting   | 2 |  2.7
Fighting       | 1 2 |  2.6
Earth Magic    | 4 |  4.0
Conjurations   | 1 |  1.3
Dodging        | |  1.7
Stealth        | |  2.1
Transmutations | |  0.8

Action                   |  1- 3 |  4- 6 || total
-------------------------+-------+-------++-------
Melee: Unarmed           |    40 |       ||    40
       Whip              |    92 |       ||    92
       Dagger            |    23 |    43 ||    66
Throw: Javelin           |       |     6 ||     6
       Stone             |       |     2 ||     2
 Cast: Sandblast         |    18 |    28 ||    46
       Stone Arrow       |       |     1 ||     1
 Stab: Sleeping          |     1 |     3 ||     4
       Distracted        |     1 |       ||     1
  Eat: Chunk             |     6 |     6 ||    12
Armor: Robe              |    35 |    10 ||    45
Dodge: Dodged            |   130 |    37 ||   167
